 Dungeon Crawl Stone Soup version 0.24-a0-416-g56ce5178b7 (webtiles) character file.

Game seed: 18363685632631514382

29 emperorscorpion the Ducker (level 3, 0/40 HPs)
             Began as a Vampire Gladiator on June 8, 2019.
             Succumbed to an orc's poison
             ... on level 3 of the Dungeon.
             The game lasted 00:01:30 (326 turns).

emperorscorpion the Ducker (Vampire Gladiator)       Turns: 326, Time: 00:01:31

Health: 0/40       AC: 21    Str: 14    XL:     3   Next: 1%
Magic:  3/3        EV:  2    Int: 10    God:
Gold:   27         SH:  0    Dex: 15    Spells: 2/2 levels left

rFire    . . .     SeeInvis +   a - +0 long sword
rCold    . . .     Gourm    .   (no shield)
rNeg     + + +     Faith    .   (armour currently unavailable)
rPois    +         Spirit   .   (helmet currently unavailable)
rElec    .         Reflect  .   (cloak currently unavailable)
rCorr    .         Harm     .   (gloves currently unavailable)
MR       .....     NoTele   +   (boots currently unavailable)
Stlth    +.........             (no amulet)
HPRegen  0.33/turn              (no ring)
MPRegen  0.08/turn              (no ring)

@: lethally poisoned (0 -> -14), tree-form, regenerating quickly, hasted, very
quick
A: no food, see invisible
a: Exsanguinate


You were on level 3 of the Dungeon.
You were alive.
You were a tree.
You visited 1 branch of the dungeon, and saw 3 of its levels.

You collected 27 gold pieces.

Inventory:

Hand Weapons
 a - a +0 long sword (weapon)
Missiles
 d - 3 throwing nets (quivered)
Armour
 b - a +0 leather armour
 c - a +0 helmet (melded)
 g - a +0 chain mail (melded)
Jewellery
 f - an uncursed ring of flight {unknown}
Scrolls
 e - a scroll of magic mapping {unknown}
 h - 2 scrolls of identify {unknown}
 i - a scroll of teleportation {unknown}


   Skills:
 + Level 2.1 Fighting
 + Level 3.3 Long Blades
 + Level 1.8 Throwing
 + Level 3.7 Dodging


You had 2 spell levels left.
You didn't know any spells.
Your spell library was empty.

Dungeon Overview and Level Annotations

Branches:
Dungeon (3/15)

Altars:


Innate Abilities, Weirdness & Mutations

You do not eat.
Your natural rate of healing is unusually fast.
((You have razor-sharp teeth.))
You have supernaturally acute eyesight. (SInv)
((You can survive without breathing.))


Message History

You kill the adder!
* * * LOW HITPOINT WARNING * * *
You feel sick.
You hit the orc.
The orc is severely wounded.
* * * LOW HITPOINT WARNING * * *
You feel sick. The orc hits you but does no damage.
You are more poisoned.
You barely miss the orc.
The orc is severely wounded.
* * * LOW HITPOINT WARNING * * *
You feel sick. The orc hits you but does no damage.
You slash the orc!
You kill the orc!
You have reached level 3!
Your experience leads to an increase in your attributes!
Increase (S)trength, (I)ntelligence, or (D)exterity?
You feel stronger.
If you were bloodless you could now transform into a vampire bat.
You die...

#########
).......# ##
>........ .#
........# .####
........##....#
#..o..# #####)#
#..♣.###
#.#....#
#..#.##.#
#.##.##.# ..
#....# #.#
####.## #. #..#
.. #..# #..#


There were no monsters in sight!

Vanquished Creatures
  An adder (D:3)
  A dart slug (D:1)
  An orc (D:3)
  2 bats
  A giant cockroach (D:2)
  2 goblins (D:2)
  3 hobgoblins
  A kobold (D:2)
  4 rats (D:1)
16 creatures vanquished.

Notes
Turn   | Place    | Note
-------+----------+-------------------------------------------
     0 | D:1      | emperorscorpion the Vampire Gladiator began the quest for
                  | the Orb.
     0 | D:1      | Reached XP level 1. HP: 16/16 MP: 1/1
   127 | D:1      | Reached XP level 2. HP: 22/22 MP: 2/2
   325 | D:3      | HP: 1/33 [poisoned by an orc]
   326 | D:3      | Reached XP level 3. HP: 1/27 MP: 3/3
   326 | D:3      | Succumbed to an orc's poison

Levels and vault maps discovered:
D:1:      dpeg_arrival_boxorama, layout_basic, minmay_door_square
D:2:      layout_loops_cross
D:3:      layout_rooms, okawaru_altar_gauntlet_db, first_ration,
          dk_noncrumbling_2

Skill      XL: |  1  2 |
---------------+-------+-----
Fighting       | 2 |  2.1
Long Blades    | |  3.3
Throwing       | |  1.8
Dodging        | |  3.7

Action                   || total
-------------------------++-------
Melee: Long sword        ||    44
       Bite              ||     2
  Use: Potion            ||     2
 Stab: Sleeping          ||     1
Armor: Leather armour    ||     7
       Chain mail        ||    18
       Skin              ||     6
Dodge: Dodged            ||    22
       Rpst.: Long sword ||     8

Table legend:
 A = Non-vault XP
 B = Vault XP
 C = Vault XP percentage of total XP
 D = Non-vault monster count
 E = Vault monster count
 F = Vault count percentage of total count
                 A         B        C        D         E       F
            +---------+---------+-------+---------+---------+-------
      Total |      42 |       0 |   0.0 |      16 |       0 |   0.0
            +---------+---------+-------+---------+---------+-------
        D:1 |      14 |       0 |   0.0 |       8 |       0 |   0.0
        D:2 |      11 |       0 |   0.0 |       6 |       0 |   0.0
        D:3 |      17 |       0 |   0.0 |       2 |       0 |   0.0
            +---------+---------+-------+---------+---------+-------
